 Dungeon Crawl Stone Soup version 0.28-a0-48-gfd831c5874 (webtiles) character file.

Game seed: 851725974833710732

33 bande the Covered (level 3, -3/23 HPs)
             Began as a Gargoyle Fighter on July 30, 2021.
             Slain by Jessica (5 damage)
             ... on level 2 of the Dungeon.
             The game lasted 00:02:36 (1816 turns).

bande the Covered (Gargoyle Fighter)                Turns: 1816, Time: 00:02:37

Health: -3/23      AC: 10    Str: 19    XL:     3   Next: 29%
Magic:  3/3        EV:  7    Int:  8    God:
Gold:   32         SH:  9    Dex: 10    Spells: 2/2 levels left

rFire   . . .      SeeInvis .   a - +0 war axe
rCold   . . .      Faith    .   c - +0 kite shield
rNeg    + . .      Spirit   .   b - +0 scale mail
rPois   ∞          Reflect  .   (no helmet)
rElec   +          Harm     .   (no cloak)
rCorr   .          Rampage  .   (no gloves)
Will    .....                   (no boots)
Stlth   ..........              (no amulet)
HPRegen 0.07/turn               (no ring)
MPRegen 0.08/turn               (no ring)

@: no status effects
A: sickness immunity, AC +3, negative energy resistance 1, electricity
resistance, torment resistance 1, petrification resistance
a: no special abilities


You were on level 2 of the Dungeon.
You visited 1 branch of the dungeon, and saw 2 of its levels.

You collected 32 gold pieces.

Inventory:

Hand Weapons
 a - a +0 war axe (weapon)
Armour
 b - a +0 scale mail (worn)
 c - a +0 kite shield (worn)
Scrolls
 g - a scroll of teleportation
Potions
 d - a potion of might
 e - a potion of curing {unknown}
 h - a potion of cancellation {unknown}
 i - 2 potions of berserk rage {unknown}


   Skills:
 + Level 3.3 Fighting
 + Level 2.4 Axes
 + Level 3.7 Armour
 + Level 0.4 Dodging
 + Level 3.6 Shields


You had 2 spell levels left.
You didn't know any spells.
Your spell library contained the following spells:

 Spells                   Type           Power      Damage    Failure   Level
 Ensorcelled Hibernation  Hex/Ice        0%         N/A       100%        2
 Ignite Poison            Fire/Tmut/Pois 0%         N/A       100%        3
 Mephitic Cloud           Conj/Pois/Air  0%         N/A       100%        3
 Spider Form              Tmut/Pois      0%         N/A       100%        3
 Hailstorm                Conj/Ice       0%         3d3       100%        4
 Ice Form                 Ice/Tmut       0%         N/A       100%        4
 Bolt of Magma            Conj/Fire/Erth 0%         4d4       100%        5
 Shadow Creatures         Summ           N/A        N/A       100%        6
 Simulacrum               Ice/Necr       0%         N/A       100%        6


Dungeon Overview and Level Annotations

Branches:
Dungeon (2/15)

Altars:

Annotations:
D:2 Jessica


Innate Abilities, Weirdness & Mutations

You are immune to sickness and miasma.
Your stone body is resilient. (AC +3)
You are immune to poison.
You resist negative energy. (rN+)
You are resistant to electric shocks. (rElec)
You are resistant to unholy torment.
You are immune to petrification.


Message History

You resist with some effort.
Things that are here:
a jackal corpse; a jackal corpse; a jackal corpse Jessica mumbles some strange words.
Jessica blinks!
There is an open door here.
Jessica says, "I'm really upset."
Jessica gestures wildly while chanting.
Jessica blinks!
Jessica grins evilly.
Jessica mumbles some strange words.
Jessica blinks!
Found a scroll labelled NAAH FEG FOBA.
You block Jessica's attack.
You barely miss Jessica. Jessica gestures at you while chanting.
Pain shoots through your body!
* * * LOW HITPOINT WARNING * * *
Jessica casts a spell.
Jessica blinks!
Jessica points at you and mumbles some strange words.
You resist with some effort.
Jessica mumbles some strange words.
Jessica blinks!
Found an escape hatch in the ceiling.
Jessica mumbles some strange words.
Jessica blinks!
Jessica looks very angry.
Jessica hits you but does no damage.
You barely miss Jessica. Jessica hits you but does no damage.
Jessica gestures wildly while chanting.
Jessica blinks!
Found a flail.
Jessica hits you with a +0 club.
* * * LOW HITPOINT WARNING * * *
You hit Jessica.
Jessica is lightly wounded.
Jessica shouts, "I don't like beings like you!"
Jessica hits you with a +0 club.
You die...

#......?.......#
#..............#
#..............#
#..............#
...............#
#..............#
#).............# ###
#..............####.#
.....<.@.......'††..#
#......@.......####.#
#..............+ #.#
#..............# #.#
#................ #.#
#####'########### #.#
.. #.# #.. #.# #.#


You could see Jessica.

Vanquished Creatures
  3 ball pythons (D:1)
  4 bats
  3 endoplasms (D:1)
  5 goblins (D:1)
  2 hobgoblins (D:1)
  4 jackals (D:2)
  A quokka (D:1)
  2 frilled lizards (D:1)
  3 kobolds (D:1)
  3 rats (D:1)
30 creatures vanquished.

Notes
Turn   | Place    | Note
-------+----------+-------------------------------------------
     0 | D:1      | bande the Gargoyle Fighter began the quest for the Orb.
     0 | D:1      | Reached XP level 1. HP: 14/14 MP: 1/1
   458 | D:1      | Reached XP level 2. HP: 19/19 MP: 2/2
  1234 | D:1      | Reached XP level 3. HP: 23/23 MP: 3/3
  1701 | D:2      | Found a faded altar of an unknown god.
  1747 | D:2      | Noticed Jessica
  1816 | D:2      | Slain by Jessica

Illustrated notes

Levels and vault maps discovered:
D:1:      dpeg_arrival_more_subterranean_lakeside_camping, layout_loops_corners,
          minmay_ruptured
D:2:      layout_basic, shapermc_ecumenical_altar_ellora, uniq_jessica

Skill      XL: |  1 |
---------------+----+-----
Axes           | 2 |  2.4
Fighting       | |  3.3
Armour         | |  3.7
Dodging        | |  0.4
Shields        | |  3.6

Action                   || total
-------------------------++-------
Melee: War axe           ||   101
  Use: Scroll            ||     2
Armor: Scale mail        ||    61
Dodge: Dodged            ||    30
Block: Kite shield       ||    63

Table legend: (Time is in decaauts)
 A = Elapsed time spent in this place.
 B = Non-inter-level travel time spent in this place.
 C = Inter-level travel time spent in this place.
 D = Time resting spent in this place.
 E = Time spent auto-exploring this place.
 F = Levels seen in this place.
 G = Mean time per level.
                   A        B        C        D        E       F      G
               +--------+--------+--------+--------+--------+-----+--------+
         Total |   1879 |   1879 |      0 |      0 |   1360 |   2 |  939.5 |
       Dungeon |   1879 |   1879 |      0 |      0 |   1360 |   2 |  939.5 |
               +--------+--------+--------+--------+--------+-----+--------+

Top non-repeatable levels by time:
     D:1: 1731 daAuts
     D:2: 147 daAuts
